 Dungeon Crawl Stone Soup version 0.31.0-12-g77e489cdc1 (webtiles) character file.

Game seed: 13693701586278571151

41745 Gadfly the Martial Artist (level 13, -8/113 HPs)
             Began as a Demonspawn Monk on Feb 13, 2024.
             Was a Believer of Ru.
             Mangled by a ten-headed hydra (11 damage)
             ... on level 4 of the Lair of Beasts.
             The game lasted 00:30:54 (18232 turns).

Gadfly the Martial Artist (Demonspawn Monk)        Turns: 18232, Time: 00:30:54

Health: -8/113     AC: 15    Str: 15    XL:     13   Next: 81%
Magic:  4/4        EV: 17    Int: 15    God:    Ru [**....]
Gold:   2125       SH:  0    Dex: 17    Spells: 12/12 levels left

rFire   + . .        b - +1 scimitar (flame)
rCold   . . .        (no shield)
rNeg    + . .        q - +4 leather armour of the Shishi {rN+}
rPois   .            y - melded +0 helmet
rElec   .            h - melded scarf "Perphur" {repulsion, ^Drain Int+2 Dex+3}
rCorr   .            (gloves unavailable)
SInv    +            B - melded +0 pair of boots
Will    .....        d - amulet of faith Stlth
                     A - +4 ring of protection
HPRegen 0.38/turn    C - ring "Zellacw" {MP-9 Dex+2 Slay+4 SInv}
MPRegen 0.09/turn

%: faith
@: beast-form
A: beast (slay +4), claws 3, molten scales 3, demonic guardian 2, spiny 1, no
stealth, inability to train armour, clever 1, robust 1
a: Begin Untransformation, Renounce Religion


You were on level 4 of the Lair of Beasts.
You worshipped Ru.
Ru was pleased with you.
You were a hulking beast.
You visited 3 branches of the dungeon, and saw 17 of its levels.

You collected 2279 gold pieces.
You spent 154 gold pieces at shops.

Inventory:

Hand Weapons
 b - a +1 scimitar of flaming (weapon)
 z - a +2 war axe of electrocution
Armour
 h - the scarf "Perphur" (melded) {repulsion, ^Drain Int+2 Dex+3}
   (You acquired it on level 2 of the Dungeon)

   Int+2:     It affects your intelligence (+2).
   Dex+3:     It affects your dexterity (+3).
   ^Drain:    It drains your maximum health when unequipped.
 p - a +2 robe of positive energy
 q - the +4 leather armour of the Shishi (worn) {rN+}
   (You bought it in a shop on level 9 of the Dungeon)

   rN+:       It protects you from negative energy.
 y - a +0 helmet (melded)
 B - a +0 pair of boots (melded)
 H - a +1 robe of cold resistance
Jewellery
 a - a ring of protection from fire
 d - an amulet of faith (around neck)
 w - an amulet of guardian spirit
 A - a +4 ring of protection (left claw)
 C - the ring "Zellacw" (right claw) {MP-9 Dex+2 Slay+4 SInv}
   (You found it on level 8 of the Dungeon)

   [ring of slaying]

   Dex+2:     It affects your dexterity (+2).
   Slay+4:    It affects your accuracy & damage with ranged weapons and melee
   (+4).
   MP-9:      It affects your magic capacity (-9).
   SInv:      It lets you see invisible.
 E - a ring of ice
 G - a ring of ice
Talismans
 n - a beast talisman (active)
Wands
 f - a wand of polymorph (6)
 j - a wand of paralysis (18)
 l - a wand of mindburst (33) (quivered)
 r - a wand of quicksilver (16)
 F - a wand of iceblast (3)
Scrolls
 o - 2 scrolls of enchant armour
 s - 4 scrolls of teleportation
 v - a scroll of fear
 I - a scroll of blinking
 J - 2 scrolls of identify
 L - a scroll of enchant weapon
 M - 2 scrolls of vulnerability
Potions
 c - 4 potions of enlightenment
 e - 2 potions of might
 g - a potion of ambrosia
 i - a potion of mutation
 k - 7 potions of curing
 m - 4 potions of heal wounds
 t - 2 potions of lignification
 u - 3 potions of cancellation
 x - a potion of resistance
 D - 2 potions of haste
 K - a potion of attraction


   Skills:
 * Level 10.1 Fighting
 * Level 10.5 Dodging
 * Level 11.1 Unarmed Combat
 + Level 10.5 Evocations
 * Level 10.2 Shapeshifting


You had 12 spell levels left.
You didn't know any spells.
Your spell library contained the following spells:

 Spells                   Type           Power      Damage    Failure   Level
 Foxfire                  Conj/Fire      0%         2x1d4     32%         1
 Sandblast                Erth           0%         2d4       32%         1
 Scorch                   Fire           0%         2d5       45%         2
 Gell's Gravitas          Tloc           0%         N/A       69%         3
 Teleport Other           Tloc           0%         N/A       69%         3
 Animate Dead             Necr           0%         N/A       97%         4
 Flame Wave               Conj/Fire      0%         2d4       97%         4
 Borgnjor's Vile Clutch   Necr/Erth      0%         N/A       100%        5
 Summon Forest            Summ/Tloc      0%         N/A       100%        5
 Summon Mana Viper        Hex/Summ       0%         N/A       100%        5
 Death Channel            Necr           0%         N/A       100%        6
 Dispersal                Tloc           0%         N/A       100%        6
 Plasma Beam              Fire/Air       0%         2x1d10    100%        6
 Sculpt Simulacrum        Ice/Alch       0%         N/A       100%        6
 Starburst                Conj/Fire      0%         6d3       100%        6
 Summon Cactus Giant      Summ           0%         N/A       100%        6
 Ozocubu's Refrigeration  Ice            0%         4d7       100%        7
 Polar Vortex             Ice            0%         N/A       100%        9


Dungeon Overview and Level Annotations

Branches:
Dungeon (12/15)            Temple (1/1) D:5            Lair (4/5) D:11
 Shoals (0/4) Lair:2        Snake (0/4) Lair:2          Orc (0/2) D:12
  Slime: Lair:4-5

Altars:
Ashenzari
Cheibriados
Dithmenos
Fedhas
Gozag
Hepliaklqana
Kikubaaqudgha
Makhleb
Nemelex Xobeh
Okawaru
Qazlal
Ru
Sif Muna
Trog
Uskayaw
Vehumet
Wu Jian
Xom
Yredelemnul
Lugonu

Shops:
D:9 [   D:10 *


Innate Abilities, Weirdness & Mutations

You are a hulking beast.
Your limbs bulge with bestial killing power. (Slay +4)
You have claws for hands.
You are completely covered in molten scales. (AC +4, rF+)
A demonic guardian rushes to your aid.
You are partially covered in sharp spines.
You cannot be stealthy.
You cannot train Armour skill.
Your mind is acute. (Int +4, Str/Dex -1)
You are robust. (+10% HP)


Message History

The 11-headed hydra closely misses you.
The 11-headed hydra bites you but does no damage.
The 11-headed hydra bites you. The 11-headed hydra closely misses you.
The 11-headed hydra bites you but does no damage.
The 11-headed hydra bites you!
* * * LOW HITPOINT WARNING * * *
The 11-headed hydra bites you but does no damage.
The 11-headed hydra closely misses you.
The 11-headed hydra bites you but does no damage.
The 11-headed hydra bites you.
* * * LOW HITPOINT WARNING * * *
The 11-headed hydra bites you!
* * * LOW HITPOINT WARNING * * *
Unknown command.
Okay, then.
Okay, then.
You hack one of the 11-headed hydra's heads off!
The flame cauterises the wound!
You slash the ten-headed hydra! You burn the ten-headed hydra.
The ten-headed hydra is almost dead.
The ten-headed hydra is struck by your spines.
The ten-headed hydra misses you.
The ten-headed hydra completely misses you.
The ten-headed hydra bites you.
* * * LOW HITPOINT WARNING * * *
The ten-headed hydra bites you but does no damage.
The ten-headed hydra bites you.
* * * LOW HITPOINT WARNING * * *
The ten-headed hydra barely misses you.
The ten-headed hydra closely misses you.
The ten-headed hydra completely misses you.
The ten-headed hydra bites you but does no damage.
The ten-headed hydra barely misses you.
The ten-headed hydra bites you but does no damage.
The ten-headed hydra bites you!
* * * LOW HITPOINT WARNING * * *
The ten-headed hydra barely misses you.
The ten-headed hydra bites you but does no damage. x2
The ten-headed hydra bites you!
You die...

.......##~.!.♣##........#.#
.......#♣$.....#.........##
.......#♣=.).?~#.........#
.......#......♣#........##
.#.P.####.....##+.+.###.##
...##..###'''##...P####..#
.#.............#.PP.#....#
#.........P...#D.....#..##
..........#..###h...###.###
.#.......##..........##.#.#
P#.......##..####..####...#
.##.#P.P###...######.##PP##
.P##.........##.P.##..P.P#
................<.......##
.>.......................#
....................(...##
........................##


You could see a ten-headed hydra.

Vanquished Creatures
  A shambling mangrove (Lair:1)
  Fannar (Lair:3)
  A hydra (Lair:3)
  Erolcha (D:11)
  A catoblepas (Lair:1)
  3 boulder beetles
  2 two-headed ogres (D:11)
  Nergalle (D:12)
  Amaemon (Lair:3)
  An orc knight (D:12)
  3 manticores
  An oklob plant (Lair:4)
  A salamander (Lair:2)
  2 ugly things (D:12)
  Maurice (D:10)
  6 elephants
  A cyclops (D:12)
  6 black mambas
  2 gargoyles
  9 cane toads
  The ghost of knightboat the Digger, a novice GrEE of Ru (D:5)
  An orange demon (Lair:3)
  3 unseen horrors
  4 kobold demonologists
  7 komodo dragons
  A rime drake (Lair:3)
  A polar bear (Lair:4)
  3 trolls
  A hornet (D:9)
  A queen bee (D:11)
  A wind drake (Lair:2)
  4 blink frogs (Lair:4)
  A shadow (D:12)
  25 yaks
  3 wyverns
  2 basilisks
  A wraith (D:10)
  5 vampire mosquitoes (D:12)
  10 water moccasins
  8 orc warriors
  A sky beast (D:6)
  3 black bears
  12 wolves
  8 centaurs
  A phantom (D:5)
  4 kobold brigands
  10 bullfrogs
  A gnoll sergeant (D:10)
  14 wights (D:9)
  24 killer bees
  6 electric eels
  6 howler monkeys
  2 lava snakes (Lair:2)
  8 orc priests
  3 bombardier beetles
  5 hounds
  A sleepcap (D:4)
  Natasha (thrice) (D:2)
  2 iguanas
  7 orc wizards
  4 gnolls
  6 adders
  A shadow imp (D:7)
  A white imp (D:5)
  A ribbon worm (D:5)
  2 dart slugs
  47 orcs
  5 ball pythons
  6 bats
  2 giant cockroaches
  4 goblins
  5 hobgoblins
  28 kobolds
  A frilled lizard (D:2)
  4 goblin skeletons (D:7)
  2 goblin zombies (D:7)
  3 hobgoblin zombies (D:7)
  A kobold zombie (D:7)
  An orc zombie (D:7)
  3 rats
376 creatures vanquished.

Vanquished Creatures (collateral kills)
  The ghost of Fiha the Thaumaturge, a journeyman VSSh of Dithmenos (Lair:4)
  A hydra (Lair:4)
  2 two-headed ogres
  A cyclops (D:10)
  An elephant (Lair:3)
  2 yaks (Lair:2)
  An acid dragon (D:11)
  A water moccasin (D:6)
  A wolf (Lair:2)
  A gnoll sergeant (D:7)
  A lava snake (Lair:2)
  3 hounds (D:11)
  A sleepcap (D:6)
  4 orcs
  A kobold (D:11)
  A rat (D:3)
23 creatures vanquished.

Vanquished Creatures (others)
  A yak (Lair:2)
  A kobold (D:11)
2 creatures vanquished.

Grand Total: 401 creatures vanquished

Notes
Turn   | Place    | Note
-------+----------+-------------------------------------------
     0 | D:1      | Gadfly the Demonspawn Monk began the quest for the Orb.
     0 | D:1      | Reached XP level 1. HP: 18/18 MP: 1/1
   254 | D:1      | Found a faded altar of an unknown god.
   618 | D:2      | Gained mutation: You have sharp fingernails. [demonic
                  | ancestry]
   618 | D:2      | Reached XP level 2. HP: 21/24 MP: 2/2
   709 | D:2      | Noticed Natasha
   714 | D:2      | Killed Natasha
   715 | D:2      | Reached skill level 3 in Unarmed Combat
   715 | D:2      | Reached skill level 1 in Evocations
   715 | D:2      | Reached skill level 1 in Shapeshifting
   715 | D:2      | Gained mutation: A weak demonic guardian rushes to your
                  | aid. [demonic ancestry]
   715 | D:2      | Reached XP level 3. HP: 25/29 MP: 3/3
   833 | D:2      | Noticed Natasha
   840 | D:2      | Killed Natasha
   841 | D:2      | Gained mutation: You have very sharp fingernails. [demonic
                  | ancestry]
   841 | D:2      | Reached XP level 4. HP: 29/35 MP: 4/4
   995 | D:2      | Noticed Natasha
  1007 | D:2      | Killed Natasha
  1287 | D:2      | Identified the +8 dagger of Ynooxad {pain, Will+ Int+3
                  | Dex-5}
  1364 | D:2      | Identified 2 scrolls of acquirement
  1364 | D:2      | Acquired 448 gold pieces
  1366 | D:2      | Acquired the scarf "Perphur" {repulsion, ^Drain Int+2
                  | Dex+3}
  1374 | D:2      | Gained mutation: You are robust. (+10% HP) [potion of
                  | mutation]
  1374 | D:2      | Gained mutation: Your mind is acute. (Int +4, Str/Dex -1)
                  | [potion of mutation]
  1482 | D:3      | Found a sparkling altar of Nemelex Xobeh.
  1486 | D:3      | Found a sacrificial altar of Ru.
  1494 | D:3      | Became a worshipper of Ru the Awakened
  2290 | D:4      | Gained mutation: A demonic guardian rushes to your aid.
                  | [demonic ancestry]
  2290 | D:4      | Reached XP level 5. HP: 45/45 MP: 5/5
  2777 | D:5      | Entered Level 5 of the Dungeon
  2827 | D:5      | Found a staircase to the Ecumenical Temple.
  2871 | Temple   | Entered the Ecumenical Temple
  2889 | D:5      | Reached skill level 4 in Unarmed Combat
  2889 | D:5      | Gained mutation: You are partially covered in molten
                  | scales. (AC +2) [demonic ancestry]
  2889 | D:5      | Reached XP level 6. HP: 38/51 MP: 6/6
  2960 | D:5      | Found a runed translucent door.
  2961 | D:5      | Noticed knightboat's ghost (novice GrEE)
  3201 | D:5      | Identified the +4 long sword "Nalovub" {freeze, Int+5}
  3333 | D:5      | Gained mutation: You are mostly covered in molten scales.
                  | (AC +3) [demonic ancestry]
  3333 | D:5      | Reached XP level 7. HP: 50/57 MP: 7/7
  3685 | D:5      | Killed knightboat's ghost
  3686 | D:5      | Reached skill level 5 in Unarmed Combat
  4312 | D:6      | Reached XP level 8. HP: 42/63 MP: 8/8
  4756 | D:6      | Reached skill level 5 in Evocations
  5556 | D:7      | Noticed a kobold demonologist
  5566 | D:7      | Killed a kobold demonologist
  5567 | D:7      | Reached skill level 6 in Unarmed Combat
  5688 | D:7      | Found a shimmering blue altar of Sif Muna.
  5707 | D:7      | Got Sif Muna's Papyrus of Fire and Bedrock
  5714 | D:7      | Found a bloodstained altar of Trog.
  5985 | D:8      | Gained mutation: You are partially covered in sharp spines.
                  | [demonic ancestry]
  5985 | D:8      | Reached XP level 9. HP: 69/69 MP: 9/9
  5993 | D:8      | Found a shadowy altar of Dithmenos.
  5998 | D:8      | Identified the ring "Zellacw" {MP-9 Dex+2 Slay+4 SInv}
  6026 | D:8      | Reached skill level 5 in Shapeshifting
  6027 | D:8      | Reached skill level 5 in Dodging
  6169 | D:8      | Noticed an unseen horror
  6180 | D:8      | Killed an unseen horror
  6616 | D:9      | Reached skill level 7 in Unarmed Combat
  6629 | D:9      | Found Feuwkim's Antique Armour Boutique.
  7194 | D:9      | Gained mutation: You have claws for hands. [demonic
                  | ancestry]
  7194 | D:9      | Reached XP level 10. HP: 66/72 MP: 1/10
  7423 | D:9      | Noticed a two-headed ogre
  7428 | D:9      | Killed a two-headed ogre
  7565 | D:9      | Acquired 808 gold pieces
  7593 | D:10     | Entered Level 10 of the Dungeon
  7650 | D:10     | Found an opulent altar of Gozag.
  7675 | D:10     | Noticed a cyclops
  7681 | D:10     | Killed a cyclops
  7788 | D:10     | Gained mutation: You cannot train Armour skill. [Ru
                  | sacrifice]
  7788 | D:10     | Reached * piety under Ru
  7924 | D:10     | Found a hide-covered altar of Uskayaw.
  7933 | D:10     | Noticed a gargoyle
  7942 | D:10     | Killed a gargoyle
  7943 | D:10     | Reached skill level 8 in Unarmed Combat
  8024 | D:10     | Found a blossoming altar of Fedhas.
  8024 | D:10     | Found a radiant altar of Vehumet.
  8111 | D:10     | Noticed Maurice
  8111 | D:10     | Maurice stole a +1 scimitar of flaming
  8119 | D:10     | Killed Maurice
  8120 | D:10     | Reached skill level 5 in Fighting
  8162 | D:10     | Found a snail-covered altar of Cheibriados.
  8338 | D:10     | Found Pupoig's Assorted Antiques.
  8405 | D:9      | Bought a polished leather armour for 154 gold pieces
  8405 | D:9      | Identified the +4 leather armour of the Shishi {rN+} (You
                  | bought it in a shop on level 9 of the Dungeon)
  8735 | D:10     | Noticed a two-headed ogre
  8745 | D:10     | Noticed a two-headed ogre
  8821 | D:11     | Noticed a two-headed ogre
  8826 | D:11     | Killed a two-headed ogre
  8928 | D:11     | Noticed a two-headed ogre
  8937 | D:11     | Killed a two-headed ogre
  8938 | D:11     | Reached XP level 11. HP: 31/91 MP: 2/11
  9121 | D:11     | Found a staircase to the Lair.
  9293 | D:11     | Noticed a two-headed ogre
  9303 | D:11     | Killed a two-headed ogre
  9309 | D:11     | Paralysed by a kobold for 4 turns
  9327 | D:11     | Found a corrupted altar of Lugonu.
 10434 | D:11     | Noticed Erolcha
 10442 | D:11     | Killed Erolcha
 10704 | D:12     | Noticed a red ugly thing
 10717 | D:12     | Killed a red ugly thing
 10718 | D:12     | Reached skill level 9 in Unarmed Combat
 11118 | D:12     | Noticed a cyan ugly thing
 11136 | D:12     | Killed a cyan ugly thing
 11141 | D:12     | Gained mutation: You cannot be stealthy. [Ru sacrifice]
 11141 | D:12     | Reached ** piety under Ru
 11168 | D:12     | Noticed an orc knight
 11201 | D:12     | Killed an orc knight
 11202 | D:12     | Reached XP level 12. HP: 32/101 MP: 3/12
 11423 | D:12     | Found a staircase to the Orcish Mines.
 11507 | D:12     | Noticed a boulder beetle
 11507 | D:12     | Noticed a boulder beetle
 11540 | D:12     | Killed a boulder beetle
 11957 | D:12     | Noticed Nergalle
 11973 | D:12     | Killed Nergalle
 12123 | D:12     | Killed a boulder beetle
 12437 | Lair:1   | Entered Level 1 of the Lair of Beasts
 13223 | Lair:1   | Noticed a catoblepas
 13230 | Lair:1   | Reached skill level 10 in Unarmed Combat
 13251 | Lair:1   | Killed a catoblepas
 13655 | Lair:1   | Noticed a boulder beetle
 13674 | Lair:1   | Killed a boulder beetle
 14024 | Lair:1   | an oklob plant changed into a shambling mangrove
 14024 | Lair:1   | Noticed a shambling mangrove
 14054 | Lair:1   | Killed a shambling mangrove
 14753 | Lair:2   | Gained mutation: You are completely covered in molten
                  | scales. (AC +4, rF+) [demonic ancestry]
 14753 | Lair:2   | Reached XP level 13. HP: 111/111 MP: 4/13
 15024 | Lair:2   | Found a staircase to the Snake Pit.
 15260 | Lair:2   | Found a staircase to the Shoals.
 15581 | Lair:3   | Noticed Fannar
 15588 | Lair:3   | Killed Fannar
 15671 | Lair:3   | Noticed Amaemon
 15686 | Lair:3   | Killed Amaemon
 15687 | Lair:3   | Reached skill level 10 in Evocations
 15901 | Lair:3   | Reached skill level 10 in Dodging
 17101 | Lair:4   | Found a blossoming altar of Fedhas.
 17287 | Lair:4   | Reached skill level 10 in Shapeshifting
 17494 | Lair:4   | Found a runed translucent gate.
 17495 | Lair:4   | Found a runed translucent gate.
 17495 | Lair:4   | Noticed Fiha's ghost (journeyman VSSh)
 17496 | Lair:4   | Found a runed translucent gate.
 17600 | Lair:4   | Reached skill level 11 in Unarmed Combat
 17644 | Lair:4   | Reached skill level 10 in Fighting
 18228 | Lair:4   | Killed Fiha's ghost
 18232 | Lair:4   | HP: 3/113 [ten-headed hydra (7)]
 18232 | Lair:4   | Mangled by a ten-headed hydra

Illustrated notes

Levels and vault maps discovered:
D:1:      tarquinn_simple_flora_water_e, layout_loops_ring,
          shapermc_ecumenical_altar_mp_highgroup, minivault_26
D:2:      layout_loops_ring, st_stairs_5, kennysheep_decorative_pillar,
          uniq_natasha
D:3:      wad_crossroads, layout_loops_ring, minitemple, grunt_ministairs_1,
          minmay_misc_feat_doors
D:4:      layout_rooms, minmay_misc_feat_five, grunt_decor_clamped,
          supply_closet_lemuel
D:5:      layout_loops_ring, minmay_temple_entry_large_hall,
          gammafunk_ghost_grave
D:6:      layout_cave_pods
D:7:      layout_cave_pools, nzn_overflow_gifts_of_might_and_magic,
          nicolae_tso_besieged_by_evil
D:8:      layout_rooms, mainiacjoe_overflow_six_doors_small
D:9:      layout_loops_ring, nicolae_take_the_stairs
D:10:     layout_loops_ring, nicolae_gozag_seed_capital,
          eat_drink_and_be_merry_uskayaw, slow_altar_1,
          gammafunk_temple_overflow_pools, serial_shops,
          nicolae_shop_back_alley_shop, evilmike_minifort, uniq_maurice
D:11:     kennysheep_kobold_lugonu_temple, layout_loops_cross, erik_lair_island,
          serial_library, serial_library_hellmonk_reading_circle,
          serial_library_hellmonk_hallway_a,
          serial_library_hellmonk_layered_room,
          serial_library_hellmonk_junction,
          serial_library_hellmonk_layered_room,
          serial_library_hellmonk_hallway_b,
          serial_library_hellmonk_open_square, serial_library_hellmonk_u_bend,
          serial_library_hellmonk_big_corner, corner_web_ring,
          nicolae_looking_at_the_future, uniq_erolcha
D:12:     layout_long_grid, david_orc_5, uniq_nergalle
Temple:   nicolae_temple_two_arcs
Lair:1:   layout_roguey, minmay_lair_oklob_bushes, st_stairs_4,
          grunt_forest_small_clearings, serial_bayou_shore_a
Lair:2:   layout_chaotic_city, minmay_shoals_entry_beasts,
          nicolae_snake_entry_warm_welcome
Lair:3:   layout_loops_ring, grunt_megastairs_2, lemuel_fruit_fields,
          uniq_fannar, uniq_amaemon
Lair:4:   layout_regular_city, gammafunk_ghost_hydra_chop, tgw_fedhas

Skill      XL: |  1  2  3  4  5  6  7  8  9 10 11 12 13 |
---------------+----------------------------------------+-----
Unarmed Combat | 3 4 5 6 7 8 9 10 11 | 11.1
Evocations     | 1 2 3 4 6 7 8 9 10 | 10.5
Shapeshifting  | 1 2 3 4 6 7 8 9 10 | 10.2
Dodging        | 3 4 5 7 8 9 10 | 10.5
Fighting       | 6 8 9 10 | 10.1

Action                     |  1- 3 |  4- 6 |  7- 9 | 10-12 | 13-15 || total
---------------------------+-------+-------+-------+-------+-------++-------
  Melee: Unarmed           |    10 |       |    94 |   447 |   205 ||   756
         Spear             |    22 |   138 |       |       |       ||   160
         Long sword        |       |     8 |   142 |       |       ||   150
         Punch             |       |       |     4 |    30 |    20 ||    54
         Scimitar          |       |       |       |       |     9 ||     9
 Invoke: Reject Sacrifices |       |     1 |     1 |     1 |     2 ||     5
         Sacrifice Durabil |       |       |       |     1 |       ||     1
         Sacrifice Stealth |       |       |       |     1 |       ||     1
Ability: Begin Untransform |       |     1 |       |       |       ||     1
  Evoke: Wand              |       |       |       |    34 |     1 ||    35
    Use: Scroll            |       |    11 |     6 |    10 |       ||    27
         Potion            |       |     1 |     4 |     2 |       ||     7
   Stab: Distracted        |       |       |     1 |     1 |     1 ||     3
         Paralysed         |       |       |       |     4 |       ||     4
 Armour: Robe              |    10 |    54 |   176 |    27 |       ||   267
         Leather armour    |       |       |       |   222 |   176 ||   398
  Dodge: Dodged            |    15 |    82 |   218 |   302 |   185 ||   802
         Repelled          |       |     1 |       |     7 |       ||     8
   Form: Beast             |       |     1 |       |     1 |       ||     2
